 Dungeon Crawl Stone Soup version 0.28.0-49-g6dfe1f597d (webtiles) character file.

Game seed: 3774122678314818941

15 Exodus22XD the Sneak (level 2, 15/15 HPs)
             Began as a Kobold Enchanter on May 15, 2022.
             Was an Initiate of Gozag.
             Quit the game on level 1 of the Dungeon.
             The game lasted 00:00:30 (335 turns).

Exodus22XD the Sneak (Kobold Enchanter)              Turns: 335, Time: 00:00:31

Health: 15/15      AC:  3    Str:  5    XL:     2   Next: 65%
Magic:  5/5        EV: 15    Int: 16    God:    Gozag
Gold:   19         SH:  0    Dex: 15    Spells: 3/5 levels left

rFire   . . .      SeeInvis .   a - +1 dagger
rCold   . . .      Faith    .   (no shield)
rNeg    . . .      Spirit   .   b - +0 robe
rPois   .          Reflect  .   (no helmet)
rElec   .          Harm     .   d - +0 cloak
rCorr   .          Rampage  .   (no gloves)
Will    .....                   (no boots)
Stlth   ++++......              (no amulet)
HPRegen 0.05/turn               (no ring)
MPRegen 0.09/turn               (no ring)

@: no status effects
A: small, no large weapons, nightstalker 3
a: Renounce Religion, Potion Petition, Call Merchant, Bribe Branch


You were on level 1 of the Dungeon.
You worshipped Gozag.
Gozag was noncommittal.
You visited 1 branch of the dungeon, and saw 1 of its levels.

You collected 19 gold pieces.

Inventory:

Hand Weapons
 a - a +1 dagger (weapon)
 e - a +1 short sword of speed
Armour
 b - a +0 robe (worn)
 d - a +0 cloak (worn)
Potions
 c - a potion of invisibility


   Skills:
 - Level 1.3 Short Blades
 - Level 2.4 Dodging
 + Level 5.3 Stealth
 - Level 2.1 Spellcasting
 - Level 3.0 Hexes


You had 3 spell levels left.
You knew the following spells:

 Your Spells              Type           Power      Damage    Failure   Level
a - Ensorcelled Hibernat  Hex/Ice        12%        N/A       17%         2

Your spell library contained the following spells:

 Spells                   Type           Power      Damage    Failure   Level
 Confusing Touch          Hex            11%        N/A       19%         3
 Tukima's Dance           Hex            11%        N/A       19%         3
 Dazzling Flash           Conj/Hex       12%        N/A       32%         3


Dungeon Overview and Level Annotations

Branches:
Dungeon (1/15)

Altars:
Gozag


Innate Abilities, Weirdness & Mutations

You are small and have problems with some larger weapons.
You are completely attuned to the shadows.


Message History

Found a dagger.
No target in view!
Found a glowing short sword.
No target in view!
A rat comes into view.
A rat is nearby!
A rat is nearby!
You hit the rat but do no damage. The rat barely misses you.
You hit the rat but do no damage. You hit the rat.
You kill the rat!
No target in view!
No target in view!
You see here a +0 dagger.
You see here a +1 short sword of speed.
e - a +1 short sword of speed
Okay, then.
You see here a rat corpse.
A ball python comes into view.
A ball python is nearby!
A ball python is nearby!
A ball python is nearby!
The helpless ball python fails to defend itself.
You impale the ball python!!
You kill the ball python!
You see here a ball python corpse.
You see here a ball python corpse.
Found a faded altar of an unknown god.
No target in view!
A quokka comes into view.
The helpless quokka fails to defend itself.
You impale the quokka!!
You kill the quokka!
Found 12 gold pieces and a leather armour.
There is a faded altar of an unknown god here.
You cannot tell which god this altar belongs to.
Convert to them anyway?
Gozag accepts your prayer! Gozag welcomes you!
Gozag waives the service fee.
Are you sure you want to abandon this character and quit the game? (Confirm with "yes".)

.PPP..... .PP.P....
#.# P.P....P. # #.#
PP.....P. # #.#
#####@#### # #.#
#......P..
####.#######......[.P
.....#.....#.....P$..
####...##..#..P.....P
# #.....†#.#.P.P...#
#...##.###..P.PPP#
#...##.###..P.P..#
#.........##PP.##.


There were no monsters in sight!

Vanquished Creatures
  2 dart slugs (D:1)
  2 goblins (D:1)
  A hobgoblin (D:1)
  A quokka (D:1)
  A ball python (D:1)
  A bat (D:1)
  A frilled lizard (D:1)
  3 rats (D:1)
12 creatures vanquished.

Notes
Turn   | Place    | Note
-------+----------+-------------------------------------------
     0 | D:1      | Exodus22XD the Kobold Enchanter began the quest for the
                  | Orb.
     0 | D:1      | Reached XP level 1. HP: 10/10 MP: 3/3
    77 | D:1      | Reached XP level 2. HP: 15/15 MP: 5/5
    85 | D:1      | Learned a level 2 spell: Ensorcelled Hibernation
   149 | D:1      | Reached skill level 5 in Stealth
   298 | D:1      | Found a faded altar of an unknown god.
   334 | D:1      | Prayed at the altar of an unknown god.
   334 | D:1      | Became a worshipper of Gozag Ym Sagoz the Greedy
   335 | D:1      | Quit the game

Illustrated notes

Levels and vault maps discovered:
D:1:      sevenhm_arrival_forest_fort_large_4, layout_loops_cross,
          shapermc_ecumenical_altar_gd, st_stairs_12

Skill      XL: |  1  2 |
---------------+-------+-----
Stealth        | 5 |  5.3
Short Blades   | |  1.3
Dodging        | |  2.4
Spellcasting   | |  2.1
Hexes          | |  3.0

Action                   || total
-------------------------++-------
Melee: Dagger            ||    22
 Stab: Sleeping          ||     8
Armor: Robe              ||     2
Dodge: Dodged            ||     7
